 Dungeon Crawl Stone Soup version 0.23.1 (webtiles) character file.

Game seed: 12894450460939369820

262 Peloso the Slasher (level 5, 0/47 HPs)
             Began as a Minotaur Fighter on Mar 3, 2019.
             Slain by an orc
             ... wielding a +0 dagger
              (2 damage)
             ... on level 4 of the Dungeon.
             The game lasted 00:04:33 (2158 turns).

Peloso the Slasher (Minotaur Fighter)               Turns: 2158, Time: 00:04:34

Health: 0/47       AC:  9    Str: 20    XL:     5   Next: 97%
Magic:  4/4        EV:  6    Int:  5    God:
Gold:   79         SH: 10    Dex: 11    Spells: 4/4 levels left

rFire    x . .     SeeInvis .   a - +0 long sword
rCold    + . .     Gourm    .   c - +0 shield
rNeg     + . .     Faith    .   t - +0 chain mail
rPois    .         Spirit   .   (helmet restricted)
rElec    .         Reflect  .   (no cloak)
rCorr    .         Harm     .   (no gloves)
MR       .....                  (no boots)
Stlth    ..........             (no amulet)
HPRegen  0.15/turn              h - ring of ice
MPRegen  0.09/turn              j - ring of positive energy

@: no status effects
A: retaliatory headbutt, horns 2
a: no special abilities


You were on level 4 of the Dungeon.
You were not hungry.

You visited 1 branch of the dungeon, and saw 4 of its levels.

You collected 79 gold pieces.

Inventory:

Hand Weapons
 a - a +0 long sword (weapon)
Armour
 b - a +0 scale mail
 c - a +0 shield (worn)
 t - a +0 chain mail (worn)
Jewellery
 h - a ring of ice (left hand)
 j - a ring of positive energy (right hand)
Scrolls
 i - a scroll of remove curse {unknown}
 k - 4 scrolls of identify {unknown}
 m - a scroll of teleportation {unknown}
 n - a scroll of enchant armour {unknown}
 r - a scroll of blinking {unknown}
 s - a scroll of magic mapping {unknown}
Potions
 d - a potion of might
 e - a potion of brilliance {unknown}
 g - a potion of curing
 l - 2 potions of flight {unknown}
 o - a potion of lignification {unknown}
 p - a potion of haste {unknown}
 q - a potion of mutation {unknown}
 v - a potion of magic {unknown}
 w - a potion of resistance {unknown}
Comestibles
 f - 4 rations


   Skills:
 + Level 4.4 Fighting
 + Level 5.1 Long Blades
 + Level 4.8 Armour
 + Level 1.1 Dodging
 + Level 4.9 Shields


You had 4 spell levels left.
You didn't know any spells.
Your spell library was empty.

Dungeon Overview and Level Annotations

Branches:
Dungeon (4/15)
 Temple: D:4-7

Altars:
Vehumet


Innate Abilities, Weirdness & Mutations

You reflexively headbutt those who attack you in melee.
You have a pair of horns on your head.


Message History

* * * LOW HITPOINT WARNING * * *
You hit the orc priest.
The orc priest is almost dead.
The orc hits you with a +0 dagger.
* * * LOW HITPOINT WARNING * * *
The orc wizard hits you but does no damage.
You are poisoned.
The orc priest hits you but does no damage.
The orc priest completely misses you. You furiously retaliate!
You headbutt the orc priest, but do no damage.
You riposte.
Your shield and chain mail prevent you from hitting the orc priest.
The orc priest is almost dead.
The orc hits you but does no damage. You block the orc wizard's attack.
It was a potion of curing.
You feel better. You block the orc priest's attack.
The orc priest calls down the wrath of Beogh upon you.
Beogh smites you!
* * * LOW HITPOINT WARNING * * *
The orc hits you with a +0 dagger.
You die...

#..........
##..........
#...........
#....>(.....
#...........
#..>.......#
#..ooo.....#
#.o@.....#
#.......## #....#.##
#....###
.#########.....##
.......(........#
...<...........##...
..............## ##.
............#######


You could see 2 orc priests, an orc wizard and an orc.

Vanquished Creatures
  An orc priest (D:3)
  A bullfrog skeleton (D:3)
  An orc wizard (D:4)
  Terence (D:3)
  Robin (D:3)
  4 adders
  An adder zombie (D:3)
  3 leopard geckos
  7 orcs
  2 ball pythons
  5 bats
  4 giant cockroaches
  12 goblins
  13 hobgoblins
  7 jackals
  A quokka (D:3)
  3 frilled lizards
  7 kobolds
  6 rats
80 creatures vanquished.

Notes
Turn   | Place    | Note
-------+----------+-------------------------------------------
     0 | D:1      | Peloso the Minotaur Fighter began the quest for the Orb.
     0 | D:1      | Reached XP level 1. HP: 19/19 MP: 0/0
   172 | D:1      | Reached XP level 2. HP: 27/27 MP: 1/1
   774 | D:2      | Found a radiant altar of Vehumet.
   794 | D:2      | Reached skill level 3 in Long Blades
   794 | D:2      | Reached XP level 3. HP: 32/33 MP: 2/2
  1302 | D:3      | Found a faded altar of an unknown god.
  1376 | D:3      | Reached XP level 4. HP: 40/40 MP: 3/3
  1430 | D:3      | Reached skill level 4 in Long Blades
  1699 | D:3      | Noticed Terence
  1703 | D:3      | Killed Terence
  1703 | D:3      | Reached XP level 5. HP: 44/46 MP: 4/4
  1846 | D:3      | Reached skill level 1 in Dodging
  1921 | D:3      | Noticed Robin
  1937 | D:3      | Killed Robin
  2105 | D:4      | Reached skill level 5 in Long Blades
  2158 | D:4      | HP: 2/47 [orc priest/divine providence (12)]
  2158 | D:4      | Slain by an orc

Skill      XL: |  1  2  3  4  5 |
---------------+----------------+-----
Armour         | 4 |  4.8
Shields        | 4 |  4.9
Fighting       | 4 |  4.4
Long Blades    | 3 4 5 |  5.1
Dodging        | 1 |  1.1

Action                   |  1- 3 |  4- 6 || total
-------------------------+-------+-------++-------
Melee: Long sword        |    88 |   105 ||   193
       Headbutt          |    12 |    20 ||    32
  Use: Potion            |       |     1 ||     1
  Eat: Chunk             |     1 |     3 ||     4
Armor: Scale mail        |    50 |     1 ||    51
       Chain mail        |       |    65 ||    65
Dodge: Dodged            |    23 |    31 ||    54
Block: Shield            |    48 |    86 ||   134
       Rpst.: Long sword |     6 |    10 ||    16
